 Dungeon Crawl Stone Soup version 0.30.0 (webtiles) character file.

Game seed: 1898462049198411315

5 Kenran the Sneak (level 1, -2/19 HPs)
             Began as a Minotaur Delver on May 6, 2023.
             Slain by a scorpion (4 damage)
             ... on level 3 of the Dungeon.
             The game lasted 00:00:56 (110 turns).

Kenran the Sneak (Minotaur Delver)                   Turns: 110, Time: 00:00:56

Health: -2/19      AC:  3    Str: 16    XL:     1   Next: 66%
Magic:  0/0        EV: 16    Int:  7    God:
Gold:   11         SH:  0    Dex: 11    Spells: 0/0 levels left

rFire   . . .        a - +0 mace
rCold   . . .        (no shield)
rNeg    . . .        b - +0 leather armour
rPois   .            (helmet restricted)
rElec   .            (no cloak)
rCorr   .            (no gloves)
SInv    .            (no boots)
Will    .....        (no amulet)
Stlth   ++           E - +5 ring of evasion
HPRegen 0.23/turn    (no ring)
MPRegen 0.07/turn

%: no passive effects
@: hasted, very quick
A: horns 2, retaliatory headbutt
a: no special abilities


You were on level 3 of the Dungeon.
You visited 1 branch of the dungeon, and saw 3 of its levels.

You collected 11 gold pieces.


Innate Abilities, Weirdness & Mutations

You have a pair of horns on your head.
You reflexively headbutt those who attack you in melee.


   Skills:
 - Level 3.6 Fighting
 + Level 3.1 Maces & Flails
 - Level 2.1 Dodging
 - Level 4.1 Stealth


You couldn't memorise any spells.
You didn't know any spells.
Your spell library was empty.

Inventory:

Hand Weapons
 a - a +0 mace (weapon)
Missiles
 i - 2 stones (quivered)
Armour
 b - a +0 leather armour (worn)
Jewellery
 E - a +5 ring of evasion (left hand)
   (You found it on level 4 of the Dungeon)
Wands
 g - a wand of digging (3)
 h - a wand of acid (10)
   (You found it on level 5 of the Dungeon)
Scrolls
 c - a scroll of fog
 d - a scroll of magic mapping {!r}

Dungeon Overview and Level Annotations

Branches:
Dungeon (5/15) Zot: 17891
 Temple: D:4-7

Altars:

Annotations:
D:3 Pargi
D:4 Ijyb
D:5 Dowan, Duvessa

.
....#######
Kr.!Kg.K.>#
T...####g##
. #@# #s#
^.# +###


You could see a scorpion, a hobgoblin and a kobold.


Message History

You escape the ball python's grasp.
The ball python bites you but does no damage.
The ball python closely misses you.
You hit the ball python.
You kill the ball python!
You sock the kobold!
You kill the kobold!
Things that are here:
a +0 dagger; 2 stones; a kobold corpse You see here 11 gold pieces.
The dart slug launches a dart at you. The slug dart misses you.
You start waiting.
A dart slug is nearby!
You hit the dart slug. The dart slug launches a dart at you.
The slug dart hits you. 😕 HP[-3]
You take 3 damage, and now have 16/19 hp.
You hit the dart slug.
You kill the dart slug!
Your Maces & Flails skill increases to level 3!
No target in view!
No target in view!
You now have 11 gold pieces. 😕 HP[+1]
i - 2 stones
Things that are here:
a +0 dagger; a kobold corpse 😕 HP[+1]
A scorpion comes into view.
The scorpion moves out of view. 😎 HP[+1]
Your hp is fully restored (19).
Okay, then.
Things that are here:
a +0 dagger; a kobold corpse Ijyb the Twisted Goblin comes into view.
She is wielding a +0 club and carrying a wand of iceblast (12).
Found a stone staircase leading up.
The scorpion closely misses you. The scorpion stings you.
You are poisoned.
The scorpion poisons you!
There is a stone staircase leading up here. 😮 HP[-5]
You take 5 damage, and now have 14/19 hp.
MASSIVE DAMAGE!! (PAUSE)
You feel sick.
The scorpion stings you but does no damage.
You climb upwards.
You feel sick.
The hobgoblin shouts!
You hear a shout!
There is a stone staircase leading down here. 😮 HP[-3]
You take 3 damage, and now have 11/19 hp.
You feel yourself speed up.
You feel sick. The scorpion completely misses you.
The hobgoblin completely misses you. 😮 HP[-1]
You take 1 damage, and now have 10/19 hp.
As you read the scroll of fear, it crumbles to dust.
You assume a fearsome visage.
The hobgoblin looks frightened!
The scorpion looks frightened!
You feel sick.
You closely miss the hobgoblin.
You feel sick.
A kobold comes into view.
It is wielding a +0 short sword. 😨 HP[-1]
You take 1 damage, and now have 9/19 hp.
A kobold comes into view. It is wielding a +0 short sword.
A giant cockroach and a rat come into view.
You feel sick. 😨 HP[-1]
You take 1 damage, and now have 8/19 hp.
You closely miss the hobgoblin.
You feel sick.
You are no longer poisoned.
The giant cockroach waves its antennae.
Pargi the Meek comes into view.
A quokka comes into view.
Cornered, the scorpion turns to fight! 😨 HP[-1]
You take 1 damage, and now have 7/19 hp. 😨 HP[+1]
You aren't carrying any potions.
Unknown command.
You hit the scorpion but do no damage. The scorpion stings you.
* * * LOW HITPOINT WARNING * * *
😨 HP[-1]
You take 1 damage, and now have 7/19 hp.
You hit the scorpion but do no damage.
You headbutt the scorpion, but do no damage.
The scorpion misses you.
You closely miss the scorpion. The scorpion completely misses you.
You furiously retaliate!
You headbutt the scorpion! You hit the scorpion. The scorpion stings you.
* * * LOW HITPOINT WARNING * * *
The hobgoblin closely misses you. 😱 HP[-6]
You take 6 damage, and now have 1/19 hp.
MASSIVE DAMAGE!! (PAUSE)
Okay, then.
Okay, then.
You barely miss the scorpion. The scorpion stings you.
You die...

Skill      XL: |  1 |
---------------+----+-----
Maces & Flails | 3 |  3.1
Fighting       | |  3.6
Dodging        | |  2.1
Stealth        | |  4.1

Action                     || total
---------------------------++-------
  Melee: Mace              ||    12
         Headbutt          ||     1
    Use: Scroll            ||     1
         Potion            ||     1
 Armour: Leather armour    ||     2
  Dodge: Dodged            ||    13

Levels and vault maps discovered:
D:3:      layout_basic, lemuel_doored_altar, uniq_terence, uniq_pargi
D:4:      layout_rooms, uniq_ijyb
D:5:      layout_basic, worldfamousw_hep_ancestral_shrine, uniq_duvessa

Notes
Turn   | Place    | Note
-------+----------+-------------------------------------------
     0 | D:5      | Kenran the Minotaur Delver began the quest for the Orb.
     0 | D:5      | Reached XP level 1. HP: 19/19 MP: 0/0
     0 | D:5      | magus.rc [v1.11.6]
     0 | D:5      | Noticed Dowan
    13 | D:5      | Noticed Duvessa
    19 | D:4      | Noticed an iguana
    60 | D:4      | Reached skill level 3 in Maces & Flails
    69 | D:4      | Noticed a scorpion
    87 | D:4      | Noticed Ijyb
   103 | D:3      | Noticed Pargi
   109 | D:3      | HP: 1/19 [scorpion (6)]
   110 | D:3      | Slain by a scorpion

Vanquished Creatures
  A dart slug (D:4)
  A ball python (D:4)
  2 kobolds (D:4)
4 creatures vanquished.

Table legend:
 A = Non-vault XP
 B = Vault XP
 C = Vault XP percentage of total XP
 D = Non-vault monster count
 E = Vault monster count
 F = Vault count percentage of total count
                 A         B        C        D         E       F
            +---------+---------+-------+---------+---------+-------
      Total |       8 |       0 |   0.0 |       4 |       0 |   0.0
            +---------+---------+-------+---------+---------+-------
        D:4 |       8 |       0 |   0.0 |       4 |       0 |   0.0
            +---------+---------+-------+---------+---------+-------

Skill      XL: |  1 |
---------------+----+-----
Maces & Flails | 3 |  3.1
Fighting       | |  3.6
Dodging        | |  2.1
Stealth        | |  4.1

Action                     || total
---------------------------++-------
  Melee: Mace              ||    12
         Headbutt          ||     1
    Use: Scroll            ||     1
         Potion            ||     1
 Armour: Leather armour    ||     2
  Dodge: Dodged            ||    13

Illustrated notes

Table legend:
 A = Kills in this place as a percentage of kills in the entire game.
 B = Kills by you in this place as a percentage of kills by you in the entire game.
 C = Kills by friends in this place as a percentage of kills by friends in the entire game.
 D = Other kills in this place as a percentage of other kills in the entire game.
 E = Experience gained in this place as a percentage of experience gained in the entire game.
 F = Experience gained in this place divided by the number of levels of this place that you have seen.
                   A       B       C       D       E      F
               +-------+-------+-------+-------+-------+----------------------
         Total | 100.0 | 100.0 |   N/A |   N/A | 100.0 |   2.7
       Dungeon | 100.0 | 100.0 |   N/A |   N/A | 100.0 |   2.7
               +-------+-------+-------+-------+-------+----------------------

Table legend: (Time is in decaauts)
 A = Elapsed time spent in this place.
 B = Non-inter-level travel time spent in this place.
 C = Inter-level travel time spent in this place.
 D = Time resting spent in this place.
 E = Time spent auto-exploring this place.
 F = Levels seen in this place.
 G = Mean time per level.
                   A        B        C        D        E       F      G
               +--------+--------+--------+--------+--------+-----+--------+
         Total |    108 |    108 |      0 |      5 |      0 |   3 |   36.0 |
       Dungeon |    108 |    108 |      0 |      5 |      0 |   3 |   36.0 |
               +--------+--------+--------+--------+--------+-----+--------+

Top non-repeatable levels by time:
     D:4: 78 daAuts
     D:5: 19 daAuts
     D:3: 10 daAuts
